| TOP OF THE 1ST |
|
Johnson City Cardinals batting - Pitching for Helena Brewers : LHP Dan Mclaren
|
|
Pitching: LHP Dan Mclaren
|
|
|
Batting: RHB Diego Herrera
|
0-0: Ball 1-0: Swinging Strike 1-1: Foul Ball, location: 2F 1-2: Strikes out swinging
|
|
Batting: SHB J.T. Ready
|
0-0: Called Strike 0-1: Foul Ball, location: 2F 0-2: Ball 1-2: Strikes out swinging
|
|
Batting: RHB Matt McGuire
|
0-0: Ball 1-0: Ball 2-0: Foul Ball, location: 2F 2-1: Called Strike 2-2: Ball 3-2: Foul Ball, location: 2F 3-2: Foul Ball, location: 2F 3-2: Foul Ball, location: 2F 3-2: Ground out 5-3 (Groundball, 5S, EV 87.5 MPH)
|
| Top of the 1st over - 0 runs, 0 hits, 0 errors, 0 left on base; Johnson City 0 - Helena 0 |
| BOTTOM OF THE 1ST |
|
Helena Brewers batting - Pitching for Johnson City Cardinals : RHP Jaquan Alston
|
|
Pitching: RHP Jaquan Alston
|
|
|
Batting: LHB Andy Buschlen
|
0-0: Ball 1-0: Called Strike 1-1: Foul Ball, location: 2F 1-2: Fly out, F9 (Line Drive, 89M, EV 105.6 MPH)
|
|
Batting: RHB Manny Olave
|
0-0: Swinging Strike 0-1: Called Strike 0-2: DOUBLE (Flyball, 8LXD, EV 97.5 MPH)
|
|
Batting: RHB Austin Doig
|
0-0: Ground out 4-3 (Groundball, 4, EV 100.6 MPH) Manny Olave to third
|
|
Batting: RHB Frank Pena
|
0-0: Called Strike 0-1: Ball 1-1: Swinging Strike 1-2: Strikes out swinging
|
| Bottom of the 1st over - 0 runs, 1 hit, 0 errors, 1 left on base; Johnson City 0 - Helena 0 |
| TOP OF THE 2ND |
|
Johnson City Cardinals batting - Pitching for Helena Brewers : LHP Dan Mclaren
|
|
Batting: SHB Felipe Campanella
|
0-0: Ball 1-0: Ball 2-0: Foul Ball, location: 2F 2-1: Foul Ball, location: 2F 2-2: Ball 3-2: Strikes out looking
|
|
Batting: LHB Rafael Banda
|
0-0: Foul Ball, location: 2F 0-1: Fly out, F6 (Line Drive, 56D, EV 75.0 MPH)
|
|
Batting: SHB Brad Meyer
|
0-0: Called Strike 0-1: Ball 1-1: Ball 2-1: Ball 3-1: Fly out, F9 (Flyball, 9D, EV 102.5 MPH)
|
| Top of the 2nd over - 0 runs, 0 hits, 0 errors, 0 left on base; Johnson City 0 - Helena 0 |
| BOTTOM OF THE 2ND |
|
Helena Brewers batting - Pitching for Johnson City Cardinals : RHP Jaquan Alston
|
|
Batting: LHB Jose Simental
|
0-0: Ball 1-0: Foul Ball, location: 2F 1-1: Ground out 6-3 (Groundball, 6M, EV 75.6 MPH)
|
|
Batting: LHB Alex Chairez
|
0-0: Foul Ball, location: 2F 0-1: Called Strike 0-2: Strikes out looking
|
|
Batting: RHB Mohammed bin Ubaida
|
0-0: Foul Ball, location: 2F 0-1: Ball 1-1: Swinging Strike 1-2: Ball 2-2: SINGLE (Groundball, 25, EV 69.4 MPH) (infield hit)
|
|
Batting: RHB Fernando Mejia
|
0-0: Ball Mohammed bin Ubaida steals 2nd, throwing error, E2 Mohammed bin Ubaida to third 1-0: Intentional Walk
|
|
Batting: RHB Dan Mclaren
|
0-0: Called Strike 0-1: Foul Ball, location: 2F 0-2: Ball 1-2: Strikes out looking
|
| Bottom of the 2nd over - 0 runs, 1 hit, 1 error, 2 left on base; Johnson City 0 - Helena 0 |
| TOP OF THE 3RD |
|
Johnson City Cardinals batting - Pitching for Helena Brewers : LHP Dan Mclaren
|
|
Batting: RHB Seung-kab Park
|
0-0: Ball 1-0: Ground out 6-3 (Groundball, 6, EV 80.6 MPH)
|
|
Batting: SHB Kelly Brooks
|
0-0: Ball 1-0: Fly out, F7 (Flyball, 7, EV 94.4 MPH)
|
|
Batting: RHB Oscar Higareda
|
0-0: Foul Ball, location: 2F 0-1: Foul Ball, location: 2F 0-2: Foul Ball, location: 2F 0-2: Fly out, F8 (Flyball, 8RD, EV 98.8 MPH)
|
| Top of the 3rd over - 0 runs, 0 hits, 0 errors, 0 left on base; Johnson City 0 - Helena 0 |
| BOTTOM OF THE 3RD |
|
Helena Brewers batting - Pitching for Johnson City Cardinals : RHP Jaquan Alston
|
|
Batting: LHB Andy Buschlen
|
0-0: Foul Ball, location: 2F 0-1: Called Strike 0-2: Foul Ball, location: 2F 0-2: Ball 1-2: Ground out 3-1 (Groundball, 34, EV 82.5 MPH)
|
|
Batting: RHB Manny Olave
|
0-0: Called Strike 0-1: Ball 1-1: Ball 2-1: Foul Ball, location: 2F 2-2: Strikes out looking
|
|
Batting: RHB Austin Doig
|
0-0: Foul Ball, location: 2F 0-1: Ball 1-1: Swinging Strike 1-2: Strikes out swinging
|
| Bottom of the 3rd over - 0 runs, 0 hits, 0 errors, 0 left on base; Johnson City 0 - Helena 0 |
| TOP OF THE 4TH |
|
Johnson City Cardinals batting - Pitching for Helena Brewers : LHP Dan Mclaren
|
|
Batting: RHB Diego Herrera
|
0-0: Ball 1-0: Called Strike 1-1: Fly out, F7 (Flyball, 7D, EV 104.4 MPH)
|
|
Batting: SHB J.T. Ready
|
0-0: Foul Ball, location: 2F 0-1: Foul Ball, location: 2F 0-2: Foul Ball, location: 2F 0-2: Ball 1-2: Ball 2-2: Ground out 5-3 (Groundball, 5S, EV 68.8 MPH)
|
|
Batting: RHB Matt McGuire
|
0-0: Foul Ball, location: 2F 0-1: Foul Ball, location: 2F 0-2: Ball 1-2: Ground out 6-3 (Groundball, 6, EV 85.6 MPH)
|
| Top of the 4th over - 0 runs, 0 hits, 0 errors, 0 left on base; Johnson City 0 - Helena 0 |
| BOTTOM OF THE 4TH |
|
Helena Brewers batting - Pitching for Johnson City Cardinals : RHP Jaquan Alston
|
|
Batting: RHB Frank Pena
|
0-0: Called Strike 0-1: Ball 1-1: Foul Ball, location: 2F 1-2: Strikes out swinging
|
|
Batting: LHB Jose Simental
|
0-0: Ball 1-0: Ball 2-0: Foul Ball, location: 2F 2-1: Foul Ball, location: 2F 2-2: SINGLE (Groundball, 6M, EV 98.8 MPH) (infield hit)
|
|
Batting: LHB Alex Chairez
|
0-0: Called Strike 0-1: Called Strike 0-2: Ball 1-2: Foul Ball, location: 2F 1-2: Foul Ball, location: 2F 1-2: Ball 2-2: Ball Jose Simental is caught stealing 2nd base 2-6 3-2: Foul Ball, location: 2F 3-2: Foul Ball, location: 2F 3-2: DOUBLE (Line Drive, 7LM, EV 107.5 MPH)
|
|
Batting: RHB Mohammed bin Ubaida
|
0-0: Ball 1-0: Swinging Strike 1-1: Ball 2-1: Foul Ball, location: 2F 2-2: Foul Ball, location: 2F 2-2: Foul Ball, location: 2F 2-2: Ground out 6-3 (Groundball, 6M, EV 83.1 MPH)
|
| Bottom of the 4th over - 0 runs, 2 hits, 0 errors, 1 left on base; Johnson City 0 - Helena 0 |
| TOP OF THE 5TH |
|
Johnson City Cardinals batting - Pitching for Helena Brewers : LHP Dan Mclaren
|
|
Batting: SHB Felipe Campanella
|
0-0: Called Strike 0-1: Called Strike 0-2: Strikes out swinging
|
|
Batting: LHB Rafael Banda
|
0-0: Called Strike 0-1: Foul Ball, location: 2F 0-2: Ball 1-2: Foul Ball, location: 2F 1-2: Fly out, F8 (Flyball, 8RM, EV 94.4 MPH)
|
|
Batting: SHB Brad Meyer
|
0-0: Ball 1-0: Ball 2-0: Called Strike 2-1: Foul Ball, location: 2F 2-2: Strikes out swinging
|
| Top of the 5th over - 0 runs, 0 hits, 0 errors, 0 left on base; Johnson City 0 - Helena 0 |
| BOTTOM OF THE 5TH |
|
Helena Brewers batting - Pitching for Johnson City Cardinals : RHP Jaquan Alston
|
|
Batting: RHB Fernando Mejia
|
0-0: Fly out, F8 (Flyball, 8LM, EV 90.0 MPH)
|
|
Batting: RHB Dan Mclaren
|
0-0: Ball 1-0: Swinging Strike 1-1: Called Strike 1-2: Strikes out looking
|
|
Batting: LHB Andy Buschlen
|
0-0: Ball 1-0: Called Strike 1-1: Ball 2-1: Ball 3-1: Base on Balls
|
|
Batting: RHB Manny Olave
|
0-0: Ball 1-0: Ground out 4-3 (Groundball, 4, EV 101.9 MPH)
|
| Bottom of the 5th over - 0 runs, 0 hits, 0 errors, 1 left on base; Johnson City 0 - Helena 0 |
| TOP OF THE 6TH |
|
Johnson City Cardinals batting - Pitching for Helena Brewers : LHP Dan Mclaren
|
|
Batting: RHB Seung-kab Park
|
0-0: Ball 1-0: Ball 2-0: Ball 3-0: Foul Ball, location: 2F 3-1: Foul Ball, location: 2F 3-2: Base on Balls
|
|
Batting: SHB Kelly Brooks
|
0-0: Foul Ball, location: 2F 0-1: DOUBLE (Line Drive, 89M, EV 95.6 MPH) Seung-kab Park to third
|
|
Batting: RHB Oscar Higareda
|
0-0: Ball 1-0: Ball 2-0: Called Strike 2-1: Swinging Strike 2-2: Strikes out looking
|
|
Batting: RHB Diego Herrera
|
0-0: Foul Ball, location: 2F 0-1: Ball 1-1: Ground out 6-3 (Groundball, 6S, EV 78.8 MPH)
|
|
Batting: SHB J.T. Ready
|
0-0: Ball 1-0: Foul Ball, location: 2F 1-1: Ground out 3-1 (Groundball, 34, EV 81.2 MPH)
|
| Top of the 6th over - 0 runs, 1 hit, 0 errors, 2 left on base; Johnson City 0 - Helena 0 |
| BOTTOM OF THE 6TH |
|
Helena Brewers batting - Pitching for Johnson City Cardinals : RHP Jaquan Alston
|
|
Batting: RHB Austin Doig
|
0-0: Called Strike 0-1: Called Strike 0-2: Ground out 4-3 (Groundball, 4, EV 86.2 MPH)
|
|
Batting: RHB Frank Pena
|
0-0: Ground out U3 (Groundball, 3, EV 85.6 MPH)
|
|
Batting: LHB Jose Simental
|
0-0: Foul Ball, location: 2F 0-1: Ball 1-1: Swinging Strike 1-2: Strikes out swinging
|
| Bottom of the 6th over - 0 runs, 0 hits, 0 errors, 0 left on base; Johnson City 0 - Helena 0 |
| TOP OF THE 7TH |
|
Johnson City Cardinals batting - Pitching for Helena Brewers : LHP Dan Mclaren
|
|
Pitching: LHP Ramiro Lunas
|
|
|
Batting: RHB Matt McGuire
|
0-0: Called Strike 0-1: Called Strike 0-2: Ball 1-2: Foul Ball, location: 2F 1-2: Ball 2-2: SINGLE (Groundball, 6MD, EV 100.0 MPH)
|
|
Batting: SHB Felipe Campanella
|
0-0: Ball 1-0: SINGLE (Groundball, 5D, EV 94.4 MPH) Matt McGuire to second
|
|
Batting: LHB Rafael Banda
|
0-0: Fielders Choice at 2nd, 3-6 (Groundball, 3, EV 86.2 MPH) Matt McGuire to third
|
|
Batting: SHB Brad Meyer
|
0-0: Ball 1-0: Swinging Strike 1-1: Called Strike 1-2: Strikes out swinging
|
|
Batting: RHB Seung-kab Park
|
0-0: Fielders Choice at 2nd, U4 (Groundball, 4M, EV 103.8 MPH)
|
| Top of the 7th over - 0 runs, 2 hits, 0 errors, 2 left on base; Johnson City 0 - Helena 0 |
| BOTTOM OF THE 7TH |
|
Helena Brewers batting - Pitching for Johnson City Cardinals : RHP Jaquan Alston
|
|
Pitching: RHP Emmanuel Godfrey
|
|
|
Batting: LHB Alex Chairez
|
0-0: DOUBLE (Line Drive, 3D, EV 105.0 MPH)
|
|
Batting: RHB Mohammed bin Ubaida
|
0-0: Ground out 6-3 (Groundball, 6, EV 80.0 MPH) Alex Chairez to third
|
|
Batting: RHB Fernando Mejia
|
0-0: Intentional Walk
|
|
Batting: RHB Gil Sanchez
|
0-0: Called Strike 0-1: Foul Ball, location: 2F 0-2: Foul Ball, location: 2F 0-2: Ball 1-2: Ball 2-2: Strikes out looking
|
|
Batting: LHB Andy Buschlen
|
0-0: Ball 1-0: Ground out U3 (Groundball, 3S, EV 67.5 MPH)
|
| Bottom of the 7th over - 0 runs, 1 hit, 0 errors, 2 left on base; Johnson City 0 - Helena 0 |
| TOP OF THE 8TH |
|
Johnson City Cardinals batting - Pitching for Helena Brewers : LHP Ramiro Lunas
|
|
Batting: SHB Kelly Brooks
|
0-0: Fly out, F2 (Popup, 23F, EV 87.5 MPH)
|
|
Batting: RHB Oscar Higareda
|
0-0: Ground out U3 (Groundball, 34, EV 82.5 MPH)
|
|
Batting: RHB Diego Herrera
|
0-0: Ball 1-0: Ball 2-0: Called Strike 2-1: Ground out 4-3 (Groundball, 4, EV 88.1 MPH)
|
| Top of the 8th over - 0 runs, 0 hits, 0 errors, 0 left on base; Johnson City 0 - Helena 0 |
| BOTTOM OF THE 8TH |
|
Helena Brewers batting - Pitching for Johnson City Cardinals : RHP Emmanuel Godfrey
|
|
Batting: RHB Manny Olave
|
0-0: Ball 1-0: Foul Ball, location: 2F 1-1: Called Strike 1-2: Ball 2-2: Ground out 6-3 (Groundball, 6, EV 103.1 MPH)
|
|
Batting: RHB Austin Doig
|
0-0: Swinging Strike 0-1: Ball 1-1: Foul Ball, location: 2F 1-2: Foul Ball, location: 2F 1-2: Ball 2-2: Foul Ball, location: 2F 2-2: Foul Ball, location: 2F 2-2: Ball 3-2: Base on Balls
|
|
Batting: RHB Frank Pena
|
0-0: Ball 1-0: Ball 2-0: Ball 3-0: Base on Balls Austin Doig to second
|
|
Batting: LHB Jose Simental
|
0-0: Ball 1-0: SINGLE (Groundball, 6S, EV 70.0 MPH) (infield hit) Austin Doig to third Frank Pena to second
|
|
Batting: LHB Alex Chairez
|
0-0: Ball 1-0: Swinging Strike 1-1: Swinging Strike 1-2: Strikes out looking
|
|
Pinch Hitting: LHB Jesus Huante
|
0-0: Foul Ball, location: 2F 0-1: Foul Ball, location: 2F 0-2: Ground out 4-3 (Groundball, 4, EV 84.4 MPH)
|
| Bottom of the 8th over - 0 runs, 1 hit, 0 errors, 3 left on base; Johnson City 0 - Helena 0 |
| TOP OF THE 9TH |
|
Johnson City Cardinals batting - Pitching for Helena Brewers : LHP Ramiro Lunas
|
|
Now at 2B: Jesus Menjivar
|
|
|
Now at 3B: Fernando Mejia
|
|
|
Batting: SHB J.T. Ready
|
0-0: Ball 1-0: Foul Ball, location: 2F 1-1: Ball 2-1: Foul Ball, location: 2F 2-2: Foul Ball, location: 2F 2-2: Strikes out looking
|
|
Batting: RHB Matt McGuire
|
0-0: Ball 1-0: Ball 2-0: Ball 3-0: Base on Balls
|
|
Batting: SHB Felipe Campanella
|
0-0: Ball 1-0: Ball 2-0: Ball Matt McGuire is caught stealing 2nd base 2-4 3-0: Base on Balls
|
|
Batting: LHB Rafael Banda
|
0-0: Ball Felipe Campanella is caught stealing 2nd base 2-6
|
| Top of the 9th over - 0 runs, 0 hits, 0 errors, 0 left on base; Johnson City 0 - Helena 0 |
| BOTTOM OF THE 9TH |
|
Helena Brewers batting - Pitching for Johnson City Cardinals : RHP Emmanuel Godfrey
|
|
Batting: RHB Fernando Mejia
|
0-0: Ball 1-0: Ground out 5-3 (Groundball, 56, EV 91.9 MPH)
|
|
Batting: LHB Danny Bautista
|
0-0: Ball 1-0: Swinging Strike 1-1: Ball 2-1: Foul Ball, location: 2F 2-2: Ball 3-2: Base on Balls
|
|
Pitching: LHP David Salas
|
|
|
Pinch Hitting: RHB Curtis Montgomery
|
0-0: Called Strike 0-1: Ball 1-1: Ball 2-1: Bunted foul 2-2: Strikes out looking
|
|
Batting: RHB Manny Olave
|
0-0: Ball 1-0: SINGLE (Groundball, 5S, EV 70.6 MPH) (infield hit) Danny Bautista to second
|
|
Pinch Runner at 2nd Daniel Pena:
|
|
|
Batting: RHB Austin Doig
|
0-0: Called Strike 0-1: Ball 1-1: Foul Ball, location: 2F 1-2: Fly out, F7 (Flyball, 7LS, EV 91.2 MPH)
|
| Bottom of the 9th over - 0 runs, 1 hit, 0 errors, 2 left on base; Johnson City 0 - Helena 0 |
| TOP OF THE 10TH |
|
Johnson City Cardinals batting - Pitching for Helena Brewers : LHP Ramiro Lunas
|
|
Pitching: RHP Franklin Arroyo
|
|
|
Now in RF: Curtis Montgomery
|
|
|
Batting: LHB Rafael Banda
|
0-0: Called Strike 0-1: DOUBLE (Flyball, 8LXD, EV 97.5 MPH)
|
|
Batting: SHB Brad Meyer
|
0-0: Intentional Walk
|
|
Batting: RHB Seung-kab Park
|
0-0: Foul Ball, location: 2F 0-1: Called Strike 0-2: Foul Ball, location: 2F 0-2: Ball 1-2: Ball 2-2: Ball 3-2: Fielders Choice at 2nd, 6-4 (Groundball, 6, EV 88.1 MPH) Rafael Banda to third
|
|
Batting: SHB Kelly Brooks
|
0-0: Ball 1-0: SINGLE (Line Drive, 8LS, EV 110.0 MPH) Rafael Banda scores Seung-kab Park to second
|
|
Pinch Hitting: RHB Dan Wages
|
0-0: Called Strike 0-1: Swinging Strike 0-2: Strikes out swinging
|
|
Batting: RHB Diego Herrera
|
0-0: Called Strike 0-1: Fly out, F9 (Line Drive, 9S, EV 92.5 MPH)
|
| Top of the 10th over - 1 run, 2 hits, 0 errors, 2 left on base; Johnson City 1 - Helena 0 |
| BOTTOM OF THE 10TH |
|
Helena Brewers batting - Pitching for Johnson City Cardinals : LHP David Salas
|
|
Now at SS: Dan Wages
|
|
|
Batting: RHB Frank Pena
|
0-0: Swinging Strike 0-1: Called Strike 0-2: Ball 1-2: Strikes out swinging
|
|
Pinch Hitting: RHB Austin Sweetman
|
0-0: Called Strike 0-1: Ball 1-1: Ball 2-1: Called Strike 2-2: Foul Ball, location: 2F 2-2: Ball 3-2: Strikes out looking
|
|
Batting: LHB Alex Chairez
|
0-0: Ball 1-0: Called Strike 1-1: Ground out U3 (Groundball, 3, EV 98.1 MPH)
|
| Bottom of the 10th over - 0 runs, 0 hits, 0 errors, 0 left on base; Johnson City 1 - Helena 0 |
|